 Dungeon Crawl Stone Soup version 0.30-a0-802-gb92711bcdf (webtiles) character file.

Game seed: 3667866229812832770

11 Esekla the Sneak (level 2, 21/21 HPs)
             Began as an Octopode Delver on Feb 24, 2023.
             Quit the game on level 5 of the Dungeon.
             The game lasted 00:01:48 (132 turns).

Esekla the Sneak (Octopode Delver)                   Turns: 132, Time: 00:01:48

Health: 21/21      AC:  1    Str: 11    XL:     2   Next: 25%
Magic:  2/2        EV: 13    Int: 12    God:
Gold:   27         SH:  0    Dex: 13    Spells: 1/1 levels left

rFire   . . .      SeeInvis .    a - +0 falchion
rCold   . . .      Faith    .    (no shield)
rNeg    . . .      Spirit   .    (helmet restricted)
rPois   .          Reflect  .    (no amulet)
rElec   .          Harm     .    (no ring)
rCorr   .          Rampage  .    (no ring)
Will    .....                    (no ring)
Stlth   ++++                     (no ring)
HPRegen 0.23/turn                (no ring)
MPRegen 0.08/turn                (no ring)
                                 (no ring)
                                 (no ring)

@: no status effects
A: almost no armour, amphibious, 8 rings, camouflage 1, gelatinous body 1,
(nimble swimmer 1), tentacles
a: no special abilities


You were on level 5 of the Dungeon.
You visited 1 branch of the dungeon, and saw 1 of its levels.

You collected 27 gold pieces.

Inventory:

Hand Weapons
 a - a +0 falchion (weapon)
Jewellery
 g - a ring of ice
Wands
 f - a wand of digging (3)
Scrolls
 b - a scroll of fog
 c - a scroll of blinking {unknown}
 d - a scroll of fear
Potions
 e - a potion of haste
 h - a potion of attraction {unknown}


   Skills:
 * Level 3.1 Fighting
 * Level 2.1 Long Blades
 * Level 2.1 Dodging
 + Level 6.9 Stealth
 * Level 0.3 Spellcasting


You had one spell level left.
You didn't know any spells.
Your spell library was empty.

Dungeon Overview and Level Annotations

Branches:
Dungeon (5/15)
 Temple: D:4-7

Altars:
Dithmenos
Wu Jian


Innate Abilities, Weirdness & Mutations

You cannot wear most types of armour.
You are amphibious.
You can wear up to eight rings at the same time.
Your skin changes colour to match your surroundings (Stealth+).
Your rubbery body absorbs attacks. (AC +1, EV +1)
((You are camouflaged when in or above water. (Stealth+)))
You have tentacles for arms and can constrict up to eight enemies at once.


Message History

The adder is severely wounded.
You constrict the adder. The adder barely misses you.
The adder bites you but does no damage.
You hit the adder but do no damage.
The adder is severely wounded.
You constrict the adder. The adder misses you.
You hit the adder.
You kill the adder!
You have reached level 2!
Found a stone staircase leading up.
You now have 17 gold pieces.
There is a stone staircase leading up here.
You open the door.
There is an open door here.
You open the door.
Found 10 gold pieces.
There is an open door here.
You now have 27 gold pieces (gained 10).
You open the door.
An orc comes into view. It is wielding a +0 hand axe.
There is an open door here.
The orc shouts!
You hit the orc but do no damage. Your grab misses the orc.
The orc hits you with a +0 hand axe.
You barely miss the orc. You grab the orc.
You constrict the orc, but do no damage.
The orc barely misses you. The orc hits you with a +0 hand axe.
You hit the orc.
The orc is moderately wounded.
You constrict the orc. The orc closely misses you.
You hit the orc.
You kill the orc!
Things that are here:
a +0 hand axe; a +0 leather armour; an orc corpse
Found a shadowy altar of Dithmenos.
You open the door.
There is an open door here.
You start resting.
HP restored.
Are you sure you want to abandon this character and quit the game? (Confirm with "yes".)

*,,,,*,,,*,,,,,,,
#..,,**+******,,,
#..,,*,,**,,**,,,
#.####,,,*,,,,,,,
#.#..#,,,*,,,,,,,
#....#,,,*,,,,,,,
######.._.#,,********#
#....#....###########.
#....@.#,,#....#......
#....#.####....'......
*######....#....#......
#..........#....#......
#........).#....#...###
#..........####'##..#..
#................#..'..
#................####..
#......................


There were no monsters in sight!

Vanquished Creatures
  An adder (D:5)
  An orc (D:5)
2 creatures vanquished.

Notes
Turn   | Place    | Note
-------+----------+-------------------------------------------
     0 | D:5      | Esekla the Octopode Delver began the quest for the Orb.
     0 | D:5      | Reached XP level 1. HP: 16/16 MP: 1/1
    16 | D:5      | Noticed a scorpion
    42 | D:5      | Found an ornate altar of the Wu Jian Council.
    59 | D:5      | Reached XP level 2. HP: 21/21 MP: 2/2
   107 | D:5      | Found a shadowy altar of Dithmenos.
   132 | D:5      | Quit the game

Illustrated notes

Levels and vault maps discovered:
D:5:      layout_gridville, lemuel_doored_altar, mainiacjoe_overflow_alcove_1,
          minmay_crystal_water, uniq_menkaure

Action                     || total
---------------------------++-------
  Melee: Falchion          ||     7
         Constrict         ||     2
         Tentacles         ||     1
    Use: Scroll            ||     1
 Armour: Skin              ||     1
  Dodge: Dodged            ||     4

Table legend: (Time is in decaauts)
 A = Elapsed time spent in this place.
 B = Non-inter-level travel time spent in this place.
 C = Inter-level travel time spent in this place.
 D = Time resting spent in this place.
 E = Time spent auto-exploring this place.
 F = Levels seen in this place.
 G = Mean time per level.
                   A        B        C        D        E       F      G
               +--------+--------+--------+--------+--------+-----+--------+
         Total |    133 |    133 |      0 |     21 |      0 |   1 |  133.0 |
       Dungeon |    133 |    133 |      0 |     21 |      0 |   1 |  133.0 |
               +--------+--------+--------+--------+--------+-----+--------+

Top non-repeatable levels by time:
     D:5: 133 daAuts
